 Dungeon Sprint DCSS version 0.20-b1-18-gaa2fd62 (webtiles) character file.

7000 potatolord6000 the Protected (level 11, -3/98 HPs)
             Began as a Human Fighter on May 24, 2017.
             Was an Initiate of Gozag.
             Slain by an elephant (6 damage)
             ... in the Dungeon (Sprint IX: "|||||||||||||||||||||||||||||").
             The game lasted 00:04:55 (1095 turns).

potatolord6000 the Protected (Human Fighter)        Turns: 1095, Time: 00:04:55

Health: -3/98      AC: 17    Str: 19    XL:     11   Next: 29%
Magic:  11/11      EV: 15    Int:  9    God:    Gozag
Gold:   2117       SH: 14    Dex: 21    Spells: 10/10 levels left

rFire    . . .     SeeInvis .   q - +3 scimitar (flame)
rCold    . . .     Gourm    .   c - +0 shield
rNeg     . . .     Faith    .   o - +1 chain mail
rPois    .         Spirit   .   (no helmet)
rElec    .         Reflect  .   f - +0 cloak
rCorr    .         Harm     .   a - +0 pair of gloves
MR       .....     NoTele   +   (no boots)
Stlth    ..........             (no amulet)
Regen    0.3/turn               b - +2 ring of evasion
MPRegen  0.2/turn               p - +3 ring of dexterity

@: agile, gold aura, berserk cooldown, slowed, very slow
A: no striking features
a: Potion Petition, Call Merchant, Bribe Branch, Renounce Religion


You were in the Dungeon.
You worshipped Gozag.
Gozag was most pleased with you.
You were very hungry.

You visited 1 branch You collected 2763 gold pieces.
You paid 646 gold pieces to Gozag.

Inventory:

Hand Weapons
 q - a +3 scimitar of flaming (weapon)
Armour
 a - a +0 pair of gloves (worn)
 c - a +0 shield (worn)
 f - a +0 cloak (worn)
 o - a +1 chain mail (worn)
Jewellery
 b - a +2 ring of evasion (left hand)
 p - a +3 ring of dexterity (right hand)
Scrolls
 k - 2 scrolls of blinking
 l - 3 scrolls of remove curse
 m - 2 scrolls of amnesia
 r - a scroll of fog
 s - a scroll of identify
 t - a scroll of fear
 u - 4 scrolls of enchant weapon
Potions
 d - 2 potions of resistance
 h - a potion of invisibility
 i - 4 potions of magic


   Skills:
 + Level 13.2 Fighting
 + Level 13.1 Long Blades
 + Level 13.3 Armour
 + Level 13.2 Shields


You had 10 spell levels left.
You didn't know any spells.

Dungeon Overview and Level Annotations

Branches:
Dungeon (1/1)

Altars:
Cheibriados
Dithmenos
Elyvilon
Fedhas
Gozag
Hepliaklqana
Kikubaaqudgha
Makhleb
Nemelex Xobeh
Okawaru
Qazlal
Ru
Sif Muna
Trog
Uskayaw
Vehumet
Xom
Yredelemnul
Zin
The Shining One
Beogh
Jiyva
Lugonu

Shops:
D (


Message History

The elephant is almost dead.
Unknown command.
Your chain mail prevents you from hitting the elephant.
The elephant is almost dead.
You are no longer berserk.
You are exhausted.
You feel yourself slow down.
The elephant tramples you but does no damage.
The elephant misses you.
Unknown command.
You slash the elephant! You burn the elephant.
You kill the elephant!
You hit the elephant but do no damage. You block the elephant's attack.
The elephant completely misses you. The elephant closely misses you.
The elephant trunk-slaps you.
* * * LOW HITPOINT WARNING * * *
Unknown command.
The elephant tramples you.
You die...
Your body crumbles into a pile of gold. $$$$$$$$$$$ $$$$$$$$$$$$ $$$$$

$
▓▓▓▓▓▓▓▓▓▓▓▓▓▓▓▓▓▓▓▓▓▓▓▓▓▓▓▓▓▓▓▓
.....'.........'@YY$.$.Y.'Y.....
▓▓▓▓▓▓▓▓▓▓▓▓▓▓▓▓▓▓▓▓▓▓▓▓▓▓▓▓▓▓▓▓▓
.................................
▓▓▓▓▓▓▓▓▓▓▓▓▓▓▓▓▓▓▓▓▓▓▓▓▓▓▓▓▓▓▓▓▓
'___________________.____'../).)(
▓▓▓▓▓▓▓▓▓▓▓▓▓▓▓▓▓▓▓▓▓▓▓▓▓▓▓▓▓▓▓▓▓


You could see 3 elephants.

Vanquished Creatures
  A dire elephant (D)
  2 hydras (D)
  A skeletal warrior (D)
  2 manticores (D)
  2 elephants (D)
  2 spiny frogs (D)
  An efreet (D)
  2 komodo dragons (D)
  A blink frog (D)
  3 porcupines (D)
  A phantom (D)
  5 crocodiles (D)
  A big kobold (D)
  3 bullfrogs (D)
  2 hounds (D)
  2 orc wizards (D)
  An adder (D)
  A shadow imp (D)
  An adder skeleton (D)
  2 leopard geckos (D)
  A quokka (D)
  3 frilled lizards (D)
  A kobold (D)
  A rat (D)
42 creatures vanquished.

Vanquished Creatures (others)
  A vampire (D)
1 creature vanquished.

Grand Total: 43 creatures vanquished

Notes
Turn   | Place    | Note
-------+----------+-------------------------------------------
     0 | D        | potatolord6000 the Human Fighter began the quest for the Orb.
     0 | D        | Reached XP level 1. HP: 18/18 MP: 1/1
    98 | D        | Noticed a hound
   103 | D        | Reached XP level 2. HP: 24/24 MP: 2/2
   124 | D        | Reached XP level 3. HP: 15/31 MP: 3/3
   124 | D        | Reached XP level 4. HP: 19/38 MP: 4/4
   134 | D        | Found a roughly hewn altar of Beogh.
   134 | D        | Found a snail-covered altar of Cheibriados.
   134 | D        | Found a shadowy altar of Dithmenos.
   134 | D        | Found a white marble altar of Elyvilon.
   134 | D        | Found a blossoming altar of Fedhas.
   134 | D        | Found an opulent altar of Gozag.
   135 | D        | Found a hazy altar of Hepliaklqana.
   136 | D        | Found a viscous altar of Jiyva.
   137 | D        | Found an ancient bone altar of Kikubaaqudgha.
   138 | D        | Found a corrupted altar of Lugonu.
   139 | D        | Found a burning altar of Makhleb.
   140 | D        | Found a sparkling altar of Nemelex Xobeh.
   141 | D        | Found an iron altar of Okawaru.
   142 | D        | Became a worshipper of Gozag Ym Sagoz the Greedy
   143 | D        | Found a stormy altar of Qazlal.
   144 | D        | Found a sacrificial altar of Ru.
   145 | D        | Found a deep blue altar of Sif Muna.
   146 | D        | Found a bloodstained altar of Trog.
   147 | D        | Found a hide-covered altar of Uskayaw.
   148 | D        | Found a radiant altar of Vehumet.
   150 | D        | Found a shimmering altar of Xom.
   151 | D        | Found a basalt altar of Yredelemnul.
   152 | D        | Found a glowing silver altar of Zin.
   153 | D        | Found a glowing golden altar of the Shining One.
   181 | D        | Got the +2 scimitar of Valiance {vamp, -Tele rElec rN+ MP+9}
   285 | D        | Noticed a big kobold
   285 | D        | Noticed a phantom
   313 | D        | Killed a big kobold
   313 | D        | Reached skill level 5 in Fighting
   313 | D        | Reached skill level 5 in Long Blades
   313 | D        | Reached skill level 5 in Armour
   313 | D        | Reached skill level 5 in Shields
   313 | D        | Reached XP level 5. HP: 17/46 MP: 5/5
   338 | D        | Killed a phantom
   338 | D        | Reached XP level 6. HP: 24/55 MP: 6/6
   521 | D        | Noticed a manticore
   521 | D        | Noticed a vampire
   521 | D        | Noticed a manticore
   521 | D        | Noticed a skeletal warrior
   521 | D        | Noticed an efreet
   531 | D        | Killed a manticore
   531 | D        | Reached XP level 7. HP: 35/63 MP: 7/7
   540 | D        | Killed a vampire
   540 | D        | Reached XP level 8. HP: 46/71 MP: 8/8
   546 | D        | Killed a manticore
   578 | D        | Killed a skeletal warrior
   578 | D        | Reached skill level 10 in Fighting
   578 | D        | Reached skill level 10 in Long Blades
   578 | D        | Reached skill level 10 in Armour
   578 | D        | Reached skill level 10 in Shields
   578 | D        | Reached XP level 9. HP: 77/79 MP: 9/9
   581 | D        | Killed an efreet
   708 | D        | Noticed a spiny frog
   710 | D        | Noticed a komodo dragon
   718 | D        | Killed a spiny frog
   734 | D        | Noticed a seven-headed hydra
   761 | D        | Killed a komodo dragon
   761 | D        | Reached XP level 10. HP: 43/88 MP: 10/10
   870 | D        | Killed a one-headed hydra
   986 | D        | Noticed a komodo dragon
   996 | D        | Killed a komodo dragon
  1003 | D        | Noticed a five-headed hydra
  1008 | D        | Noticed a spiny frog
  1019 | D        | Killed a one-headed hydra
  1031 | D        | Killed a spiny frog
  1040 | D        | Reached XP level 11. HP: 31/96 MP: 11/11
  1058 | D        | Noticed an elephant
  1058 | D        | Noticed an elephant
  1058 | D        | Noticed a dire elephant
  1058 | D        | Noticed an elephant
  1058 | D        | Noticed an elephant
  1058 | D        | Noticed an elephant
  1081 | D        | Killed a dire elephant
  1085 | D        | Killed an elephant
  1089 | D        | HP: 6/147 [elephant (12)]
  1092 | D        | Killed an elephant
  1093 | D        | HP: 2/98 [elephant (3)]
  1095 | D        | Slain by an elephant

Skill      XL: |  1  2  3  4  5  6  7  8  9 10 11 |
---------------+----------------------------------+-----
Long Blades    | 3 5 6 8 10 11 12 13 | 13.1
Fighting       | 4 5 7 8 9 10 11 12 13 | 13.2
Armour         | 4 5 7 8 9 10 11 12 13 | 13.3
Shields        | 4 5 6 8 10 11 12 13 | 13.2

Action                   |  1- 3 |  4- 6 |  7- 9 | 10-12 || total
-------------------------+-------+-------+-------+-------++-------
Melee: Long sword        |    35 |     3 |       |       ||    38
       Scimitar          |       |    55 |    93 |    84 ||   232
Invok: Call Merchant     |       |       |     1 |       ||     1
  Use: Potion            |     1 |       |     6 |     8 ||    15
 Stab: Distracted        |       |     1 |       |     1 ||     2
  Eat: Bread ration      |       |     1 |       |       ||     1
Armor: Scale mail        |    12 |     1 |       |       ||    13
       Chain mail        |       |    30 |    22 |    23 ||    75
Dodge: Dodged            |     6 |    21 |    15 |    22 ||    64
Block: Shield            |     7 |    40 |    36 |    44 ||   127
       Rpst.: Long sword |     3 |       |       |       ||     3
       Scimitar          |       |     5 |     2 |     3 ||    10
